 Dungeon Crawl Stone Soup version 0.20-a0-463-g5747544 (webtiles) character file.

2189 Queen the Carver (level 9, -18/70 HPs)
             Began as a Minotaur Berserker on Jan 11, 2017.
             Was a Priest of Trog.
             Demolished by a two-headed ogre
             ... wielding a +0 giant club
              (20 damage)
             ... on level 9 of the Dungeon.
             The game lasted 00:24:18 (4993 turns).

Queen the Carver (Minotaur Berserker)               Turns: 4993, Time: 00:24:19

Health: -18/70     AC: 11    Str: 23    XL:     9   Next: 12%
Magic:  8/8        EV:  7    Int:  4    God:    Trog [***...]
Gold:   271        SH:  0    Dex: 12    Spells: 8/8 levels left

rFire  . . .     SeeInvis +     j - +1 falchion (holy)
rCold  . . .     Gourm    .     s - +0 plate armour
rNeg   . . .     Faith    .     (no shield)
rPois  +         Spirit   .     (helmet restricted)
rElec  .         Reflect  .     (no cloak)
rCorr  .         Harm     .     (no gloves)
MR     .....                    (no boots)
Stlth  ..........               (no amulet)
                                m - ring of poison resistance
                                p - ring of see invisible

@: exhausted
A: retaliatory headbutt, horns 2
a: Berserk, Trog's Hand, Burn Spellbooks, Renounce Religion


You were on level 9 of the Dungeon.
You worshipped Trog.
Trog was most pleased with you.
You were near starving.

You visited 1 branch of the dungeon, and saw 8 of its levels.

You collected 271 gold pieces.

Inventory:

Hand Weapons
 j - a +1 falchion of holy wrath (weapon)
 v - a +0 falchion
Armour
 s - a +0 plate armour (worn)
Jewellery
 h - an uncursed ring of flight
 m - a ring of poison resistance (right hand)
 n - an uncursed ring of protection from magic {unknown}
 p - a ring of see invisible (left hand)
Scrolls
 e - a scroll of recharging
 g - a scroll of fear
 i - 2 scrolls of remove curse
 o - a scroll of noise {unknown}
Potions
 a - 2 potions of cancellation
 b - a potion of agility {unknown}
 k - 4 potions of curing
 q - a potion of degeneration {unknown}
 r - a potion of might
 t - a potion of beneficial mutation {unknown}
 w - 2 potions of heal wounds {unknown}
 x - a potion of invisibility {unknown}
Comestibles
 c - 3 bread rations
 d - 4 slices of pizza
 f - 3 fruits
 l - 2 meat rations
 u - 4 chunks of flesh


   Skills:
 - Level 3.6 Fighting
 + Level 14.1 Long Blades
 - Level 2.4 Armour
 - Level 2.1 Dodging


You had 8 spell levels left.
You didn't know any spells.

Dungeon Overview and Level Annotations

Branches:
Dungeon (9/15)             Temple (0/1) D:6             Orc (0/2) D:9
   Lair: D:8-11

Altars:
Dithmenos
Hepliaklqana
Makhleb
Okawaru
Qazlal
Xom
Yredelemnul
Zin
The Shining One


Innate Abilities, Weirdness & Mutations

You reflexively headbutt those who attack you in melee.
You have a pair of horns on your head.


Message History

You feel yourself speed up.
There is a stone staircase leading down, spattered with blood here.
You can't go up here!
The two-headed ogre hits you with a giant club!!
The two-headed ogre barely misses you.
The phantom hits you but does no damage.
You climb downwards.
The two-headed ogre hits you with a giant club!
The two-headed ogre barely misses you.
There is a stone staircase leading up, spattered with blood here.
The two-headed ogre hits you with a giant club!
* * * LOW HITPOINT WARNING * * *
The two-headed ogre hits you with a dire flail.
* * * LOW HITPOINT WARNING * * *
The phantom hits you.
* * * LOW HITPOINT WARNING * * *
The two-headed ogre hits you with a giant club!
* * * LOW HITPOINT WARNING * * *
The two-headed ogre hits you with a giant spiked club!!
You die...

###########..####################
.................................
.................................
.................................
.............[...................
.................................
................(................
................WO...............
...............O@......##########
##..#################..# #..#
#..#
#..#################..##########
##......[O.......................
.................................
#################################


You could see 2 two-headed ogres and a phantom.

Vanquished Creatures
  A troll (D:9)
  Prince Ribbit (D:8)
  Grinder (D:5)
  A hippogriff (D:9)
  2 hungry ghosts (D:9)
  Duvessa (D:5)
  An orc warrior (D:5)
  2 centaurs (D:5)
  A gnoll sergeant (D:9)
  Dowan (D:5)
  A scorpion (D:5)
  A howler monkey (D:4)
  2 crimson imps (D:5)
  A hound (D:5)
  5 orc wizards
  A centaur skeleton (D:5)
  3 orc priests
  A worker ant (D:9)
  A killer bee zombie (D:8)
  A hound skeleton (D:5)
  5 gnolls (D:9)
  7 adders
  An adder zombie (D:5)
  An ooze (D:4)
  A worm (D:5)
  A dart slug (D:1)
  3 leopard geckos
  16 orcs
  2 ball pythons
  3 giant cockroaches
  6 goblins
  4 hobgoblins
  3 bats
  7 frilled lizards
  A goblin zombie (D:9)
  8 kobolds
  2 orc zombies (D:9)
  A quokka skeleton (D:3)
  10 rats
  A spectral orc (D:3)
112 creatures vanquished.

Notes
Turn   | Place    | Note
-------+----------+-------------------------------------------
     0 | D:1      | Queen the Minotaur Berserker began the quest for the Orb.
     0 | D:1      | Reached XP level 1. HP: 19/19 MP: 0/0
   113 | D:1      | Reached skill level 4 in Long Blades
   150 | D:1      | Reached XP level 2. HP: 22/26 MP: 1/1
   600 | D:2      | Reached skill level 5 in Long Blades
   629 | D:2      | Reached XP level 3. HP: 21/31 MP: 2/2
   766 | D:2      | Found a hazy altar of Hepliaklqana.
   766 | D:2      | Found an iron altar of Okawaru.
   772 | D:2      | Found a shadowy altar of Dithmenos.
   799 | D:2      | Found a shimmering altar of Xom.
   983 | D:2      | Reached ** piety under Trog
   994 | D:2      | Found a stormy altar of Qazlal.
  1408 | D:3      | Reached XP level 4. HP: 28/39 MP: 3/3
  1618 | D:3      | Reached skill level 6 in Long Blades
  1943 | D:3      | Found a basalt altar of Yredelemnul.
  2045 | D:4      | Reached skill level 7 in Long Blades
  2045 | D:4      | Reached XP level 5. HP: 20/45 MP: 4/4
  2118 | D:4      | Noticed an ogre
  2599 | D:4      | Reached skill level 8 in Long Blades
  2800 | D:4      | Found a glowing golden altar of the Shining One.
  2923 | D:4      | Reached XP level 6. HP: 46/51 MP: 5/5
  2991 | D:5      | Entered Level 5 of the Dungeon
  3054 | D:5      | Reached skill level 9 in Long Blades
  3074 | D:5      | Noticed Duvessa
  3084 | D:5      | Killed Duvessa
  3084 | D:5      | Reached XP level 7. HP: 47/57 MP: 6/6
  3085 | D:5      | Noticed Dowan
  3087 | D:5      | Noticed Grinder
  3098 | D:5      | Killed Dowan
  3098 | D:5      | Reached skill level 10 in Long Blades
  3129 | D:5      | Killed Grinder
  3333 | D:5      | Reached skill level 11 in Long Blades
  3541 | D:5      | Found a glowing silver altar of Zin.
  3543 | D:5      | Reached XP level 8. HP: 64/64 MP: 7/7
  3975 | D:5      | Found a burning altar of Makhleb.
  4072 | D:6      | Found a staircase to the Ecumenical Temple.
  4074 | D:6      | You fall through a shaft for 3 floors!
  4087 | D:8      | Noticed Prince Ribbit
  4181 | D:8      | Noticed a two-headed ogre
  4219 | D:9      | Reached skill level 12 in Long Blades
  4308 | D:9      | Reached *** piety under Trog
  4499 | D:9      | Found a staircase to the Orcish Mines.
  4500 | D:9      | Noticed a hornet
  4548 | D:9      | Noticed a hippogriff
  4558 | D:9      | Killed a hippogriff
  4558 | D:9      | Reached skill level 13 in Long Blades
  4743 | D:9      | Noticed a troll
  4750 | D:9      | Killed a troll
  4750 | D:9      | Reached XP level 9. HP: 55/70 MP: 8/8
  4930 | D:9      | Noticed a two-headed ogre
  4957 | D:8      | Killed Prince Ribbit
  4957 | D:8      | Reached skill level 14 in Long Blades
  4993 | D:9      | HP: 2/70 [two-headed ogre/giant club (17)]
  4993 | D:9      | Demolished by a two-headed ogre

Vault maps used:
D:1:      dpeg_arrival_tiny_i, minmay_misc_feat_nine_boxes, kennysheep_boxes
D:2:      grunt_qazlal_clouds, nicolae_overflow_hidden_temple,
          gammafunk_temple_overflow_claw
D:3:      yredelemnul_forgotten_temple_becter, first_bread
D:4:      lemuel_upstairs_altar, old_standard_altar, lightli_sewer_entry_pipes
D:5:      kennysheep_mini, basic_altar, uniq_grinder, uniq_duvessa
D:6:      lemuel_doored_altar, basic_altar, uniq_edmund, uniq_menkaure,
          uniq_crazy_yiuf_cottage
D:8:      st_stairs_11, uniq_prince_ribbit1
D:9:      fedhas_altar_2, zombieorc2_lemuel, serial_shops,
          nicolae_shop_statue_plus, grunt_livestock, uniq_erolcha

Skill      XL: |  1  2  3  4  5  6  7  8  9 |
---------------+----------------------------+-----
Long Blades    | 4 5 7 8 9 11 13 14 | 14.1
Fighting       | |  3.6
Armour         | |  2.4
Dodging        | |  2.1

Action                   |  1- 3 |  4- 6 |  7- 9 || total
-------------------------+-------+-------+-------++-------
Melee: Falchion          |    57 |   118 |   159 ||   334
       Headbutt          |    13 |    21 |    29 ||    63
Invok: Berserk           |     1 |     1 |     4 ||     6
       Trog's Hand       |       |     4 |     4 ||     8
  Use: Scroll            |       |     8 |       ||     8
  Eat: Chunk             |     1 |     9 |     9 ||    19
       Fruit             |       |       |     4 ||     4
       Beef jerky        |       |       |     1 ||     1
Armor: Animal skin       |     8 |       |       ||     8
       Plate armour      |       |    63 |    85 ||   148
Dodge: Dodged            |    35 |    36 |    35 ||   106
       Rpst.: Falchion   |     9 |    12 |     9 ||    30
